 Dungeon Crawl Stone Soup version 0.25-a0-62-g88673ef095 (webtiles) character file.

Game seed: 446707609152558010, levelgen mode: deterministic

16469 Amnesiac the Thrower (level 12, -2/126 HPs)
             Began as a Troll Hunter on Oct 30, 2019.
             Was a High Priest of Okawaru.
             Slain by a sun demon (18 damage)
             ... summoned by an orc high priest
             ... on level 12 of the Dungeon.
             The game lasted 00:42:40 (12132 turns).

Amnesiac the Thrower (Troll Hunter)                Turns: 12132, Time: 00:42:40

Health: -2/126     AC: 14    Str: 27    XL:     12   Next: 10%
Magic:  15/17      EV: 14    Int:  7    God:    Okawaru [*****.]
Gold:   657        SH: 11    Dex: 10    Spells: 6/11 levels left

rFire    + . .     SeeInvis .     - Unarmed
rCold    . . .     Gourm    +   L - +0 shield {reflect}
rNeg     . . .     Faith    .   c - +0 troll leather armour
rPois    .         Spirit   .   (helmet restricted)
rElec    .         Reflect  +   z - +1 cloak
rCorr    .         Harm     .   (gloves unavailable)
MR       .....                  (boots unavailable)
Stlth    +++.......             b - amulet of Vitality {Regen+ HP+15}
HPRegen  1.51/turn              k - ring of protection from fire
MPRegen  0.15/turn              g - +2 ring of protection

@: heroism
A: large, unfitting armour, claws 3, fast metabolism 3, gourmand, regeneration
1, shaggy fur 1, tough skin 3
a: Heroism, Finesse, Renounce Religion


You were on level 12 of the Dungeon.
You worshipped Okawaru.
Okawaru was extremely pleased with you.
You were very full.

You visited 3 branches of the dungeon, and saw 14 of its levels.

You collected 657 gold pieces.

Inventory:

Hand Weapons
 a - a +1 hunting sling of velocity
 e - the +0 sword of Power
   (You found it on level 9 of the Dungeon)
Missiles
 d - 222 stones
 n - 167 sling bullets
 u - 4 throwing nets
 A - 24 large rocks
 J - 12 javelins
 T - 9 boomerangs
 X - 3 curare-tipped darts (quivered)
Armour
 c - a +0 troll leather armour (worn)
 z - a +1 cloak (worn)
 B - a +0 large shield
 L - a +0 shield of reflection (worn)
Jewellery
 b - the amulet of Vitality (around neck) {Regen+ HP+15}
   (You found it on level 9 of the Dungeon)

   [amulet of regeneration]

   It affects your health (+15).
   It increases your rate of regeneration.
 g - a +2 ring of protection (right claw)
 k - a ring of protection from fire (left claw)
 y - an uncursed ring of ice
 V - an uncursed ring of resist corrosion {unknown}
 W - a +3 ring of intelligence {unknown}
Wands
 h - a wand of flame (19)
 i - a wand of random effects (13)
 j - a wand of polymorph (9)
 Q - a wand of scattershot (4)
Scrolls
 l - 5 scrolls of blinking {!r}
 m - 6 scrolls of teleportation {!r}
 q - 2 scrolls of enchant weapon {!r}
 r - 3 scrolls of fear {!r}
 v - 2 scrolls of torment {!r}
 w - 3 scrolls of immolation {!r}
 x - 2 scrolls of enchant armour {!r}
 D - 4 scrolls of remove curse {!r}
 I - a scroll of summoning {!r}
 K - a scroll of vulnerability {!r}
 O - 3 scrolls of identify {!r}
Potions
 o - 2 potions of brilliance {!q}
 s - 2 potions of flight {!q}
 t - 3 potions of lignification {!q}
 C - a potion of might {!q}
 G - 2 potions of cancellation {!q}
 H - 2 potions of mutation {!q}
 N - a potion of ambrosia {!q, unknown}
 P - a potion of curing {!q}
 R - a potion of resistance {!q, unknown}
Miscellaneous
 p - a phial of floods
 E - a fan of gales
 F - a phial of floods
 S - a fan of gales
Comestibles
 f - 30 rations
 Y - 7 chunks of flesh


   Skills:
 - Level 5.1(10.1) Fighting
 + Level 11.2(16.2) Throwing
 - Level 5.1(10.1) Armour
 - Level 5.1(10.1) Dodging
 - Level 0.3(5.3) Stealth
 - Level 4.5(9.5) Shields
 - Level 8.0 Invocations
 - Level 5.0 Evocations


You had 6 spell levels left.
You knew the following spells:

 Your Spells              Type           Power        Failure   Level  Hunger
a - Portal Projectile     Hex/Tloc       #.....       83%         3    ####...
z - Swiftness             Chrm/Air       #.......     61%         2    ###....

Your spell library contained the following spells:

 Spells                   Type           Power        Failure   Level  Hunger
 Animate Skeleton         Necr           N/A          45%         1    ##.....
 Corona                   Hex            #......      45%         1    ##.....
 Pain                     Necr           #...         45%         1    ##.....
 Shock                    Conj/Air       #...         45%         1    ##.....
 Slow                     Hex            #.......     61%         2    ###....
 Inner Flame              Hex/Fire       #.......     83%         3    ####...
 Regeneration             Chrm/Necr      #.........   83%         3    ####...
 Static Discharge         Conj/Air       #.......     83%         3    ####...
 Vampiric Draining        Necr           #.........   83%         3    ####...
 Airstrike                Air            #.........   99%         4    #####..
 Animate Dead             Necr           N/A          99%         4    #####..
 Cause Fear               Hex            #.........   99%         4    #####..
 Leda's Liquefaction      Hex/Erth       #.........   99%         4    #####..
 Lightning Bolt           Conj/Air       #.........   100%        5    ######.
 Poison Arrow             Conj/Pois      #.........   100%        6    #######
 Chain Lightning          Conj/Air       #.........   100%        8    #######
 Lehudib's Crystal Spear  Conj/Erth      #.........   100%        8    #######
 Fire Storm               Conj/Fire      #.........   100%        9    #######
 Glaciate                 Conj/Ice       #.........   100%        9    #######


Dungeon Overview and Level Annotations

Branches:
Dungeon (12/15)            Temple (1/1) D:5            Lair (0/6) D:8
    Orc (1/2) D:12

Altars:
Ashenzari
Cheibriados
Dithmenos
Elyvilon
Fedhas
Gozag
Hepliaklqana
Kikubaaqudgha
Makhleb
Nemelex Xobeh
Okawaru
Qazlal
Ru
Sif Muna
Trog
Uskayaw
Vehumet
Wu Jian
Xom
Yredelemnul
Zin
The Shining One

Annotations:
D:6 2 transporters, Stiffzip's ghost, novice GrFi


Innate Abilities, Weirdness & Mutations

You are too large for most types of armour.
You have claws for hands.
Your metabolism is lightning-fast.
You like to eat raw meat.
Your natural rate of healing is unusually fast.
You are covered in fur. (AC +1)
You have extremely tough skin. (AC +3)


Message History

Aim: an orc high priest, wielding a +0 glaive and wearing a +0 leather armour (moderately wounded, poisoned)
You throw a poisoned dart.
The poisoned dart closely misses the sun demon.
The poisoned dart closely misses the orc high priest.
You block the sun demon's attack.
Throwing (i - inventory. (/) - cycle)
d - 225 stones (quivered)
Press: ? - help, Shift-Dir - straight line, f/p - orc high priest
Aim: an orc high priest, wielding a +0 glaive and wearing a +0 leather armour (moderately wounded, poisoned)
You throw a stone.
The stone hits the sun demon but does no damage.
The sun demon hits you!
* * * LOW HITPOINT WARNING * * *
You are engulfed in flames!
You resist.
* * * LOW HITPOINT WARNING * * *
The orc high priest barely misses you.
You see here a +0 dagger.
Okay, then.
Really quaff
U - a potion of heal wounds {!q}?
You feel much better.
The orc high priest prays to Beogh.
You block the sun demon's attack.
Okay, then.
The sun demon disappears in a puff of smoke!
Throwing (i - inventory. (/) - cycle)
d - 224 stones (quivered)
Press: ? - help, Shift-Dir - straight line, f/p - orc high priest
Aim: an orc high priest, wielding a +0 glaive and wearing a +0 leather armour (grey smoke, moderately wounded, poisoned)
You throw a stone. The stone hits the orc high priest.
The orc high priest is moderately wounded.
Throwing (i - inventory. (/) - cycle)
d - 223 stones (quivered)
Press: ? - help, Shift-Dir - straight line, f/p - orc high priest
Aim: an orc high priest, wielding a +0 glaive and wearing a +0 leather armour (grey smoke, moderately wounded, poisoned)
You throw a stone.
The stone barely misses the orc high priest.
The stone hits the rust devil but does no damage.
The orc high priest looks more healthy.
The orc high priest hits you from afar with a +0 glaive!
* * * LOW HITPOINT WARNING * * *
Quiver which item? (- for none, * to show all) (? for menu, Esc to quit)
Quivering
X - 4 curare-tipped darts for throwing.
Throwing (i - inventory. (/) - cycle)
X - 4 curare-tipped darts (quivered)
Press: ? - help, Shift-Dir - straight line, f/p - orc high priest
Aim: an orc high priest, wielding a +0 glaive and wearing a +0 leather armour (moderately wounded)
You throw a curare-tipped dart.
The curare-tipped dart hits the orc high priest.
The orc high priest is poisoned.
The orc high priest convulses.
The orc high priest seems to slow down.
The orc high priest is heavily wounded.
The sun demon hits you!
* * * LOW HITPOINT WARNING * * *
You are engulfed in flames!
You resist.
* * * LOW HITPOINT WARNING * * *
You block the sun demon's attack.
The orc high priest calls down the wrath of Beogh upon you.
Beogh smites you!
* * * LOW HITPOINT WARNING * * *
Unknown command.
You block the sun demon's attack. The sun demon hits you!
* * * LOW HITPOINT WARNING * * *
You are engulfed in flames!
You resist.
* * * LOW HITPOINT WARNING * * *
You gain the combat prowess of a mighty hero.
The sun demon hits you!!
You die...

.......+.........'........##
#...####.........####...#.#
....#####.......## ##.##.#
####.....))....## ####.# #
#.######...## #.# # #.#
##.## #.# ####.##### #.# #.#
.........# #.############.#
####.###)###..43@.........#
#.###.##...#############
#.#.........# #...###....##
###.# #....# #.###.#o##
#.....#.# #######3## #..###


You could see a sun demon and a rust devil.

Vanquished Creatures
  Harold (D:9)
  The ghost of bmj180 the Cleaver, a novice HOFi of Kikubaaqudgha (D:8)
  3 two-headed ogres
  An unseen horror (D:9)
  3 ugly things
  A cyclops (D:9)
  Joseph (D:8)
  An efreet (D:11)
  3 trolls
  A slime creature (D:9)
  Grinder (D:3)
  3 hippogriffs
  A vampire (D:12)
  A human (D:10)
  5 wraiths (D:8)
  4 hogs (D:10)
  A wyvern (D:11)
  3 hungry ghosts
  4 wargs (D:12)
  6 orc warriors
  2 ice beasts
  A black bear (D:9)
  A hornet zombie (D:10)
  A necrophage (D:7)
  5 sky beasts
  3 phantoms
  3 wolves (D:8)
  An eye of draining (D:11)
  12 ogres
  7 centaurs
  A crocodile (D:9)
  A big kobold (D:7)
  A bullfrog (D:6)
  A wyvern zombie (D:12)
  A gnoll sergeant (D:9)
  A water moccasin zombie (D:8)
  2 wyvern skeletons
  4 scorpions
  4 electric eels (D:8)
  A howler monkey (D:6)
  A crimson imp (D:6)
  A quasit (D:9)
  3 centaur zombies
  2 jellies (D:5)
  A centaur skeleton (D:6)
  10 hounds
  Crazy Yiuf (D:3)
  5 orc priests
  2 gnoll shamans
  Jessica (D:3)
  An iguana (D:10)
  Natasha (twice) (D:2)
  10 orc wizards
  9 worker ants
  2 worker ant zombies
  16 gnolls
  14 adders
  2 shadow imps
  2 oozes
  2 adder zombies
  5 adder skeletons
  5 worms
  2 dart slugs
  7 leopard geckos
  43 orcs
  A ball python (D:6)
  8 bats
  4 giant cockroaches
  12 goblins
  8 hobgoblins
  12 jackals
  2 quokkas
  A frilled lizard (D:4)
  7 kobolds
  A quokka skeleton (D:7)
  9 rats
312 creatures vanquished.

Vanquished Creatures (others)
  2 orcs (D:8)
2 creatures vanquished.

Grand Total: 314 creatures vanquished

Notes
Turn   | Place    | Note
-------+----------+-------------------------------------------
     0 | D:1      | Amnesiac the Troll Hunter began the quest for the Orb.
     0 | D:1      | Reached XP level 1. HP: 19/19 MP: 0/0
    86 | D:2      | Reached XP level 2. HP: 28/28 MP: 1/1
   129 | D:2      | Noticed Natasha
   130 | D:2      | Noticed a crimson imp
   134 | D:2      | Noticed a crimson imp
   136 | D:2      | Noticed a crimson imp
   140 | D:2      | Reached skill level 4 in Throwing
   148 | D:2      | Killed Natasha
   148 | D:2      | Reached XP level 3. HP: 29/35 MP: 2/2
   356 | D:2      | Noticed Natasha
   361 | D:2      | Killed Natasha
   361 | D:2      | Reached XP level 4. HP: 42/42 MP: 3/3
   432 | D:3      | Found an opulent altar of Gozag.
   449 | D:3      | Noticed Grinder
   608 | D:4      | Noticed an ogre
   625 | D:4      | Killed an ogre
   625 | D:4      | Reached skill level 5 in Throwing
   625 | D:4      | Reached XP level 5. HP: 3/50 MP: 4/4
  1050 | D:4      | Reached XP level 6. HP: 58/59 MP: 5/5
  1301 | D:4      | Found a sparkling altar of Nemelex Xobeh.
  1353 | D:4      | Reached skill level 6 in Throwing
  1435 | D:4      | Reached XP level 7. HP: 67/67 MP: 6/6
  1520 | D:5      | Entered Level 5 of the Dungeon
  1544 | D:5      | Found a staircase to the Ecumenical Temple.
  1573 | Temple   | Entered the Ecumenical Temple
  1617 | Temple   | Became a worshipper of Warmaster Okawaru
  1675 | D:3      | Killed Grinder
  1696 | D:3      | Noticed Jessica
  1721 | D:3      | Killed Jessica
  3523 | D:3      | Found a runed translucent door.
  3524 | D:3      | Noticed Crazy Yiuf
  3666 | D:3      | Reached skill level 7 in Throwing
  3825 | D:3      | Killed Crazy Yiuf
  3923 | D:5      | Reached XP level 8. HP: 78/78 MP: 7/7
  4359 | D:5      | Reached * piety under Okawaru
  4434 | D:5      | Reached skill level 8 in Throwing
  4866 | D:6      | Found a transporter.
  4886 | D:6      | Reached skill level 1 in Invocations
  4934 | D:6      | Reached skill level 1 in Armour
  4934 | D:6      | Reached skill level 1 in Shields
  4939 | D:6      | Found a transporter.
  4957 | D:6      | Noticed Stiffzip's ghost (novice GrFi)
  5092 | D:6      | Reached skill level 1 in Evocations
  5124 | D:6      | Found a blossoming altar of Fedhas.
  5481 | D:6      | Reached ** piety under Okawaru
  5481 | D:6      | Reached XP level 9. HP: 84/84 MP: 10/10
  6348 | D:7      | Found an ornate altar of the Wu Jian Council.
  6353 | D:7      | Noticed a white ugly thing
  6390 | D:7      | Killed a white ugly thing
  6390 | D:7      | Reached *** piety under Okawaru
  6920 | D:8      | Reached skill level 5 in Invocations
  6920 | D:8      | Noticed a troll
  6925 | D:8      | Killed a troll
  6925 | D:8      | Received a gift from Okawaru
  6937 | D:8      | Reached XP level 10. HP: 34/91 MP: 13/13
  7082 | D:8      | Found a staircase to the Lair.
  7126 | D:8      | Got a wavering steel ring
  7243 | D:8      | Noticed a two-headed ogre
  7246 | D:8      | Killed a two-headed ogre
  7308 | D:8      | Noticed Joseph
  7320 | D:8      | Killed Joseph
  7320 | D:8      | Reached **** piety under Okawaru
  7477 | D:8      | Found a runed translucent gate.
  7478 | D:8      | Found a runed translucent gate.
  7479 | D:8      | Found a runed translucent gate.
  7920 | D:8      | Noticed bmj180's ghost (novice HOFi)
  7948 | D:8      | Reached skill level 9 in Throwing
  7953 | D:8      | Killed bmj180's ghost
  7953 | D:8      | Reached ***** piety under Okawaru
  8074 | D:9      | Learned a level 3 spell: Portal Projectile
  8219 | D:9      | Noticed Harold
  8239 | D:9      | Killed Harold
  8239 | D:9      | Reached XP level 11. HP: 45/99 MP: 16/16
  8297 | D:9      | Identified the ring "Basmuuhe" {*Slow Str+5 Int+5} (You
                  | found it on level 8 of the Dungeon)
  8496 | D:9      | Noticed a green ugly thing
  8499 | D:9      | Killed a green ugly thing
  8509 | D:9      | Found the amulet of Vitality {Regen+ HP+15}
  8557 | D:9      | Received a gift from Okawaru
  8576 | D:9      | Got a dazzling hand axe {god gift}
  8759 | D:9      | Killed an unseen horror
  8820 | D:9      | Found the +0 sword of Power
  8825 | D:9      | Got an iridescent quarterstaff
  9361 | D:10     | Entered Level 10 of the Dungeon
 10251 | D:11     | Reached skill level 10 in Throwing
 10368 | D:11     | Learned a level 2 spell: Swiftness
 10704 | D:11     | Noticed a two-headed ogre
 10738 | D:11     | Killed a two-headed ogre
 10738 | D:11     | Reached skill level 5 in Fighting
 10738 | D:11     | Reached skill level 5 in Armour
 10738 | D:11     | Reached skill level 5 in Dodging
 10738 | D:11     | Reached skill level 5 in Evocations
 11056 | D:12     | Received a gift from Okawaru
 11365 | D:12     | Found a staircase to the Orcish Mines.
 11377 | D:12     | Received a gift from Okawaru
 11636 | D:12     | Noticed a purple ugly thing
 11638 | D:12     | Killed a purple ugly thing
 11797 | D:12     | Reached XP level 12. HP: 111/111 MP: 17/17
 11871 | Volcano  | Identified a paperback manual
 11871 | Orc:1    | Entered Level 1 of the Orcish Mines
 11883 | Orc:1    | Noticed a two-headed ogre
 11948 | D:12     | Killed a two-headed ogre
 11948 | D:12     | Reached skill level 11 in Throwing
 11951 | D:12     | Received a gift from Okawaru
 12019 | Orc:1    | Noticed an orc high priest
 12132 | D:12     | Slain by a sun demon

Levels and vault maps discovered:
D:1:      onia_arrival_handbag, layout_basic
D:2:      layout_loops_ring, first_ration, uniq_natasha
D:3:      layout_rooms, nicolae_gozag_cash_rules_everything_around_me,
          uniq_crazy_yiuf_cottage, uniq_grinder, uniq_jessica
D:4:      layout_loops_ring, minmay_misc_feat_roman, nemelex_spade_bored_becter
D:5:      layout_layer_cave, temple_pool_b
D:6:      layout_cave_pools, basic_altar, gammafunk_ghost_stat_death
D:7:      layout_basic, lemuel_doored_altar, serial_glass, glass_columns_b,
          glass_columns_a
D:8:      layout_loops_ring, erik_lair_island, gammafunk_ghost_spectres,
          uniq_joseph
D:9:      minmay_the_grid_four_pointed_star
          [minmay_the_grid_triangle_9x9_sparse_checkered,
          minmay_the_grid_triangle_9x9_pentomino_pain,
          minmay_the_grid_triangle_9x9_odd_lines,
          minmay_the_grid_triangle_9x9_negative_grid,
          minmay_the_grid_prize_trominoes], layout_basic, uniq_harold
D:10:     layout_cave_pools, grunt_livestock
D:11:     layout_basic
D:12:     layout_loops_corners, minmay_orc_entry_guard_dogs
Temple:   nicolae_temple_the_god_donut
Orc:1:    layout_diamond_mine

Skill      XL: |  1  2  3  4  5  6  7  8  9 10 11 12 |
---------------+-------------------------------------+-----
Throwing       | 4 5 6 7 8 9 10 11 | 11.2
Fighting       | 2 3 4 5 |  5.1
Dodging        | 2 3 4 5 |  5.1
Invocations    | 3 5 8 |  8.0
Armour         | 2 3 4 5 |  5.1
Shields        | 2 3 4 |  4.5
Evocations     | 1 3 4 5 |  5.0
Stealth        | |  0.3

Action                   |  1- 3 |  4- 6 |  7- 9 | 10-12 || total
-------------------------+-------+-------+-------+-------++-------
Melee: Short sword       |    29 |       |       |       ||    29
       Unarmed           |    17 |    34 |    48 |   131 ||   230
 Fire: Hunting sling     |       |       |       |    32 ||    32
Throw: Large rock        |    15 |     4 |    15 |   131 ||   165
       Throwing net      |     1 |     2 |     2 |     1 ||     6
       Stone             |       |   111 |   642 |   490 ||  1243
       Dart              |       |    18 |    50 |    78 ||   146
       Javelin           |       |       |    32 |    39 ||    71
Invok: Heroism           |       |       |       |     3 ||     3
  Use: Scroll            |       |       |     9 |     5 ||    14
       Potion            |       |       |       |    14 ||    14
  Eat: Chunk             |     9 |     9 |    48 |    66 ||   132
Armor: Robe              |    22 |    24 |   112 |    22 ||   180
       Troll leather arm |       |       |       |   203 ||   203
       Skin              |       |       |       |     6 ||     6
Dodge: Dodged            |    32 |    59 |   131 |   157 ||   379
Block: Large shield      |       |       |   124 |   202 ||   326
       Shield            |       |       |       |   132 ||   132
       Reflection        |       |       |       |     2 ||     2

Table legend:
 A = Non-vault XP
 B = Vault XP
 C = Vault XP percentage of total XP
 D = Non-vault monster count
 E = Vault monster count
 F = Vault count percentage of total count
                 A         B        C        D         E       F
            +---------+---------+-------+---------+---------+-------
      Total |   13723 |    9805 |  41.7 |     260 |      52 |  16.7
            +---------+---------+-------+---------+---------+-------
        D:1 |      14 |       4 |  22.2 |       9 |       4 |  30.8
        D:2 |     118 |      35 |  22.9 |      27 |       1 |   3.6
        D:3 |     165 |     340 |  67.3 |      36 |       3 |   7.7
        D:4 |     697 |       0 |   0.0 |      19 |       0 |   0.0
        D:5 |     402 |       0 |   0.0 |      21 |       0 |   0.0
        D:6 |    1417 |       0 |   0.0 |      19 |       0 |   0.0
        D:7 |    1154 |       0 |   0.0 |      21 |       0 |   0.0
        D:8 |    2236 |    3244 |  59.2 |      26 |      16 |  38.1
        D:9 |    1002 |    4521 |  81.9 |      22 |      19 |  46.3
       D:10 |     559 |     995 |  64.0 |      13 |       5 |  27.8
       D:11 |    2774 |       0 |   0.0 |      21 |       0 |   0.0
       D:12 |    3007 |     666 |  18.1 |      23 |       4 |  14.8
      Orc:1 |     178 |       0 |   0.0 |       3 |       0 |   0.0
            +---------+---------+-------+---------+---------+-------
